 Dungeon Crawl Stone Soup version 0.29.1-13-g9f3cf754e1 (webtiles) character file.

Game seed: 6597644350129257107

187 Chiseanne the Conjurer (level 5, -4/39 HPs)
             Began as a Demonspawn Wanderer on Jan 30, 2023.
             Shot with an arrow by a centaur (12 damage)
             ... on level 4 of the Dungeon.
             The game lasted 00:06:51 (3508 turns).

Chiseanne the Conjurer (Demonspawn Wanderer)        Turns: 3508, Time: 00:06:51

Health: -4/39      AC:  5    Str: 11    XL:     5   Next: 39%
Magic:  9/9        EV: 12    Int: 19    God:
Gold:   160        SH:  0    Dex: 10    Spells: 6/10 levels left

rFire   . . .      SeeInvis .   a - +2 short sword (venom)
rCold   . . .      Faith    .   (no shield)
rNeg    . . .      Spirit   .   c - +0 robe
rPois   .          Reflect  .   (no helmet)
rElec   .          Harm     .   (no cloak)
rCorr   .          Rampage  .   d - +0 pair of gloves
Will    .....                   (no boots)
Stlth   ++........              (no amulet)
HPRegen 0.13/turn               (no ring)
MPRegen 0.11/turn               (no ring)

@: no status effects
A: yellow scales 1, spiny 1
a: no special abilities


You were on level 4 of the Dungeon.
You visited 1 branch of the dungeon, and saw 4 of its levels.

You collected 160 gold pieces.

Inventory:

Hand Weapons
 a - a +2 short sword of venom (weapon)
Missiles
 e - 29 stones (quivered)
 f - 6 curare-tipped darts
 i - 6 atropa-tipped darts
Armour
 c - a +0 robe (worn)
 d - a +0 pair of gloves (worn)
Wands
 l - a wand of light (11)
Scrolls
 h - a scroll of immolation {unknown}
 o - a scroll of teleportation
Potions
 b - a potion of haste
 g - a potion of flight {unknown}
 j - 2 potions of invisibility
 k - 2 potions of might {unknown}
 m - 2 potions of heal wounds
 n - 2 potions of curing


   Skills:
 * Level 2.3 Fighting
 - Level 1.0 Throwing
 * Level 2.9 Dodging
 - Level 1.7 Stealth
 * Level 3.1 Spellcasting
 * Level 3.2 Conjurations
 - Level 1.0 Summonings


You had 6 spell levels left.
You knew the following spells:

 Your Spells              Type           Power      Damage    Failure   Level
a - Magic Dart            Conj           60%        1d6       4%          1
b - Searing Ray           Conj           30%        2d5       6%          2
c - Apportation           Tloc           4%         N/A       16%         1

Your spell library contained the following spells:

 Spells                   Type           Power      Damage    Failure   Level
 Foxfire                  Conj/Fire      36%        2x1d5     8%          1
 Summon Small Mammal      Summ           24%        N/A       10%         1
 Necrotise                Necr           8%         1d4       16%         1
 Conjure Flame            Conj/Fire      9%         6-21      22%         3
 Summon Guardian Golem    Hex/Summ       4%         N/A       36%         3
 Inner Flame              Hex/Fire       2%         N/A       41%         3
 Flame Wave               Conj/Fire      9%         2d6       58%         4
 Hailstorm                Conj/Ice       9%         3d4       58%         4


Dungeon Overview and Level Annotations

Branches:
Dungeon (4/15)
 Temple: D:4-7

Altars:

Shops:
D:1 [   D:2 (   D:3 :

Annotations:
D:4 Edmund


Innate Abilities, Weirdness & Mutations

You are partially covered in yellow scales. (AC +2)
You are partially covered in sharp spines.


Message History

Aiming: Magic Dart (safe; 4% risk of failure)
Press: ? - help, Shift-Dir - straight line, f - goblin
Aim: a goblin, wielding a +0 club (100% to hit)
The magic dart hits the goblin.
The goblin is heavily wounded.
Casting: Magic Dart (safe; 4% risk of failure)
Confirm with . or Enter, or press ? or * to list all spells.
Aiming: Magic Dart (safe; 4% risk of failure)
Press: ? - help, Shift-Dir - straight line, f/p - goblin
Aim: a goblin, wielding a +0 club (heavily wounded, 100% to hit)
The magic dart hits the goblin.
You kill the goblin!
Casting: Magic Dart (safe; 4% risk of failure)
Confirm with . or Enter, or press ? or * to list all spells.
Aiming: Magic Dart (safe; 4% risk of failure)
Press: ? - help, Shift-Dir - straight line, f - you That beam is likely to hit you.
Continue anyway? [Y]es or [N]o only, please.
That beam is likely to hit you.
Continue anyway?
Okay, then.
h - a scroll labelled ORAFAH TUWKIU You see here a +0 club.
There is an open door here.
You open the door.
There is an open door here.
You open the door.
There is an open door here.
As you open the door, it creaks loudly!
You hear a shout!
A centaur comes into view.
The centaur wields a +0 shortbow.
The centaur shoots an arrow.
The arrow hits you!
The centaur shoots an arrow.
The arrow hits you!
The centaur shoots an arrow.
The arrow closely misses you.
You hear a shout!
The centaur shoots an arrow.
The arrow hits you.
The centaur shoots an arrow.
The arrow hits you!
* * * LOW HITPOINT WARNING * * *
There is an open door here.
The centaur shoots an arrow.
The arrow hits you!
You die...

#........ #........ #######
#........ #.....# #........
#.....# #........
#.....##########.[.....)
#.....'........'........
#.....##########........
#.....'@......#......... c
#.....#######.#)########
..###...........# #>#
...........####.# #.#
....c......#....# #.#
...........#....# #.#
...........####.#.#.########
.......#'#........#.#.....[.
.......#.######.###.#.####.#


You could see a centaur.

Vanquished Creatures
  A scorpion (D:3)
  2 hounds (D:4)
  2 dart slugs (D:1)
  5 bats
  4 endoplasms
  6 giant cockroaches
  8 goblins
  6 hobgoblins
  A jackal (D:2)
  7 kobolds
  4 quokkas
  4 ball pythons
  2 frilled lizards
  4 rats
56 creatures vanquished.

Notes
Turn   | Place    | Note
-------+----------+-------------------------------------------
     0 | D:1      | Chiseanne the Demonspawn Wanderer began the quest for the
                  | Orb.
     0 | D:1      | Chiseanne set off with the following items: a +0 club, a
                  | potion of haste, a +0 robe, a +0 pair of gloves; and the
                  | following spells available to memorise: Magic Dart, Summon
                  | Small Mammal, Searing Ray, Summon Guardian Golem,
                  | Hailstorm.
     0 | D:1      | Reached XP level 1. HP: 13/13 MP: 3/3
     2 | D:1      | Learned a level 1 spell: Magic Dart
   336 | D:1      | Gained mutation: You are partially covered in yellow
                  | scales. (AC +2) [demonic ancestry]
   336 | D:1      | Reached XP level 2. HP: 20/20 MP: 0/5
   833 | D:1      | Reached skill level 1 in Fighting
  1046 | D:1      | Found Roby's Antique Armour Emporium.
  1355 | D:1      | Reached XP level 3. HP: 26/26 MP: 6/6
  1722 | D:2      | Found Sikocof's Weapon Boutique.
  1920 | D:2      | Identified the +3 ring mail "Qyzu" {Harm rF+++ rCorr Dex-5}
  2604 | D:3      | Found Okke's Book Boutique.
  2614 | D:3      | Noticed a scorpion
  2621 | D:3      | Killed a scorpion
  2622 | D:3      | Gained mutation: You are partially covered in sharp spines.
                  | [demonic ancestry]
  2622 | D:3      | Reached XP level 4. HP: 29/33 MP: 3/8
  3272 | D:4      | Noticed Edmund
  3289 | D:4      | Reached XP level 5. HP: 38/38 MP: 5/9
  3292 | D:4      | Learned a level 2 spell: Searing Ray
  3294 | D:4      | Learned a level 1 spell: Apportation
  3501 | D:4      | Noticed a centaur
  3508 | D:4      | Shot with an arrow by a centaur

Illustrated notes

Levels and vault maps discovered:
D:1:      spicycebolla_green_bress_n_ham_2, layout_basic, serial_shops,
          nicolae_shop_crystal
D:2:      layout_rooms, serial_shops, shop, chequers_serial_rivers_small_b,
          minmay_three_crescents
D:3:      layout_rooms, serial_shops, shop
D:4:      layout_basic, nicolae_overflow_hidden_temple, uniq_edmund

Skill      XL: |  1  2  3  4 |
---------------+-------------+-----
Dodging        | 2 |  2.9
Fighting       | 1 2 |  2.3
Conjurations   | 3 |  3.2
Spellcasting   | 3 |  3.1
Throwing       | |  1.0
Stealth        | |  1.7
Summonings     | |  1.0

Action                   |  1- 3 |  4- 6 || total
-------------------------+-------+-------++-------
Melee: Club              |    18 |       ||    18
       Short sword       |    39 |     8 ||    47
 Cast: Magic Dart        |    94 |    24 ||   118
       Searing Ray       |       |     1 ||     1
  Use: Scroll            |     5 |     4 ||     9
 Stab: Sleeping          |     1 |       ||     1
Armor: Robe              |    29 |     4 ||    33
Dodge: Dodged            |    49 |     3 ||    52
